 Dungeon Crawl Stone Soup version 0.24.0-1-gfbc8707 (webtiles) character file.

Game seed: 17382555794017054859, levelgen mode: deterministic

277 Cinza the Firebug (level 5, -9/39 HPs)
             Began as a Demigod Fire Elementalist on Oct 28, 2019.
             Mangled by an ogre
             ... wielding a +0 giant club
              (19 damage)
             ... on level 4 of the Dungeon.
             The game lasted 00:41:56 (2723 turns).

Cinza the Firebug (Demigod Fire Elementalist)       Turns: 2723, Time: 00:41:56

Health: -9/39      AC:  5    Str: 11    XL:     5   Next: 74%
Magic:  1/12       EV: 13    Int: 21    God:
Gold:   192        SH:  0    Dex: 16    Spells: 7/10 levels left

rFire    . . .     SeeInvis .   i - +1 dagger
rCold    . . .     Gourm    .   (no shield)
rNeg     . . .     Faith    .   a - +0 robe
rPois    .         Spirit   .   (no helmet)
rElec    .         Reflect  .   j - +2 cloak
rCorr    .         Harm     .   (no gloves)
MR       .....                  (no boots)
Stlth    ++........             (no amulet)
HPRegen  0.13/turn              (no ring)
MPRegen  0.13/turn              (no ring)

@: very slightly contaminated
A: high mp 1
a: no special abilities


You were on level 4 of the Dungeon.
You were not hungry.

You visited 1 branch of the dungeon, and saw 4 of its levels.
You also visited: Sewer.

You collected 192 gold pieces.

Inventory:

Hand Weapons
 d - a +0 short sword
 i - a +1 dagger (weapon)
Armour
 a - a +0 robe (worn)
 h - a +0 ring mail
 j - a +2 cloak (worn)
Scrolls
 e - a scroll of enchant weapon
 f - 4 scrolls of remove curse
Potions
 k - a potion of flight {unknown}
 l - a potion of agility {unknown}
 n - a potion of curing {unknown}
 o - a potion of heal wounds {unknown}
 p - 2 potions of mutation {unknown}
Comestibles
 c - 5 rations


   Skills:
 + Level 0.4 Fighting
 + Level 0.8 Armour
 + Level 2.2 Dodging
 + Level 2.1 Stealth
 * Level 3.1 Spellcasting
 * Level 2.5 Conjurations
 * Level 4.1 Fire Magic


You had 7 spell levels left.
You knew the following spells:

 Your Spells              Type           Power        Failure   Level  Hunger
a - Flame Tongue          Conj/Fire      ###..        3%          1    None
b - Throw Flame           Conj/Fire      ###...       4%          2    ##.....

Your spell library contained the following spells:

 Spells                   Type           Power        Failure   Level  Hunger
 Conjure Flame            Conj/Fire      ###.....     10%         3    ###....
 Inner Flame              Hex/Fire       ##......     17%         3    ###....
 Sticky Flame             Conj/Fire      ###.....     32%         4    ####...
 Fireball                 Conj/Fire      ###.......   67%         5    ######.


Dungeon Overview and Level Annotations

Branches:
Dungeon (4/15)              Sewer (visited)
 Temple: D:4-7


Innate Abilities, Weirdness & Mutations

You have an increased reservoir of magic. (+10% MP)


Message History

The ogre closely misses you.
Casting: Flame Tongue (safe; 3% risk of failure)
Confirm with . or Enter, or press ? or * to list all spells.
Aiming: Flame Tongue (safe; 3% risk of failure)
Press: ? - help, Shift-Dir - straight line, f - ogre
Aim: an ogre, wielding a +0 giant club The flame tongue hits the ogre.
The ogre is lightly wounded.
Casting: Flame Tongue (safe; 3% risk of failure)
Confirm with . or Enter, or press ? or * to list all spells.
Aiming: Flame Tongue (safe; 3% risk of failure)
Press: ? - help, Shift-Dir - straight line, f/p - ogre
Aim: an ogre, wielding a +0 giant club (lightly wounded)
The flame tongue hits the ogre!
The ogre is heavily wounded.
The ogre hits you with a +0 giant club! The ogre hits you with a +0 giant club!
* * * LOW HITPOINT WARNING * * *
The ogre hits you with a +0 giant club!!
You die...

................#
##.####.........#
##...#####.#
#...## #......
###..## #######
##...># #.<...#
#..#### ##O@#
######...#
#.......##
.....#.#####
..#.###.#######
...............
..##..##.#####.
#.# ..# #. #..#


You could see an ogre.

Vanquished Creatures
  Purgy (Sewer)
  A hound (D:4)
  Jessica (D:2)
  A worker ant (D:4)
  4 adders (D:2)
  5 leopard geckos
  9 giant cockroaches
  5 goblins
  5 hobgoblins
  3 jackals (D:2)
  A quokka (D:2)
  A ball python (D:2)
  3 bats
  9 frilled lizards
  12 kobolds
  6 rats
67 creatures vanquished.

Notes
Turn   | Place    | Note
-------+----------+-------------------------------------------
     0 | D:1      | Cinza the Demigod Fire Elementalist began the quest for the
                  | Orb.
     0 | D:1      | Reached XP level 1. HP: 14/14 MP: 5/5
   129 | D:1      | Reached skill level 1 in Conjurations
   190 | D:1      | Reached skill level 3 in Fire Magic
   478 | D:1      | Reached XP level 2. HP: 20/20 MP: 4/7
   757 | D:2      | Found a radiant altar of Vehumet.
   833 | D:2      | Found a glowing silver altar of Zin.
   845 | D:2      | Reached XP level 3. HP: 15/26 MP: 0/8
   849 | D:2      | Learned a level 2 spell: Throw Flame
   978 | D:2      | Noticed Jessica
   980 | D:2      | Killed Jessica
  1157 | D:2      | Reached XP level 4. HP: 33/33 MP: 3/10
  1608 | D:3      | Found an opulent altar of Gozag.
  1624 | D:3      | Found a faded altar of an unknown god.
  1873 | D:3      | Found a glowing drain.
  1885 | Sewer    | Entered a sewer
  1970 | Sewer    | Noticed Purgy
  1977 | Sewer    | Killed Purgy
  1977 | Sewer    | Reached skill level 4 in Fire Magic
  1977 | Sewer    | Reached XP level 5. HP: 16/39 MP: 2/12
  2705 | D:4      | Noticed an ogre
  2723 | D:4      | Mangled by an ogre

Levels and vault maps discovered:
D:1:      dpeg_arrival_round_c, layout_loops_ring
D:2:      layout_loops_ring, grunt_temple_overflow_open, minivault_19,
          uniq_jessica
D:3:      layout_basic, chequers_ecumenical_altar_simple, gup_sewer_entry_pipe,
          nicolae_gozag_cash_rules_everything_around_me
D:4:      layout_rooms, lemuel_doored_altar, kennysheep_slug_shrine,
          minmay_temple_entry_drinking_statues, serial_shops, shop,
          first_ration, minmay_misc_feat_tiny, minmay_between

Skill      XL: |  1  2  3  4 |
---------------+-------------+-----
Conjurations   | 1 2 |  2.5
Fire Magic     | 3 4 |  4.1
Spellcasting   | 2 3 |  3.1
Stealth        | 2 |  2.1
Dodging        | 2 |  2.2
Fighting       | |  0.4
Armour         | |  0.8

Action                   |  1- 3 |  4- 6 || total
-------------------------+-------+-------++-------
Melee: Club              |     7 |       ||     7
       Dagger            |     8 |    38 ||    46
 Cast: Flame Tongue      |    51 |    37 ||    88
       Throw Flame       |     3 |    38 ||    41
  Use: Scroll            |     2 |     3 ||     5
  Eat: Ration            |     1 |     1 ||     2
       Chunk             |     1 |       ||     1
Armor: Robe              |     1 |     6 ||     7
       Ring mail         |     9 |    28 ||    37
Dodge: Dodged            |    37 |    72 ||   109
